 Dungeon Sprint DCSS version 0.23-a0-677-g07611c5 (webtiles) character file.

6997 Lanoc the Bludgeoner (level 10, -1/111 HPs)
             Began as a Troll Fighter on Jan 9, 2019.
             Was a High Priest of Trog.
             Killed from afar by a lindwurm (32 damage)
             ... with a blast of flame
             ... in the Dungeon (Sprint IX: "|||||||||||||||||||||||||||||").
             The game lasted 00:08:15 (905 turns).

Lanoc the Bludgeoner (Troll Fighter)                 Turns: 905, Time: 00:08:16

Health: -1/111     AC:  5    Str: 32    XL:     10   Next: 82%
Magic:  9/9        EV: 21    Int:  7    God:    Trog [*****.]
Gold:   10         SH:  0    Dex: 14    Spells: 9/9 levels left

rFire    . . .     SeeInvis .   r - +1 great mace (protect)
rCold    . . .     Gourm    +   (shield currently unavailable)
rNeg     . . .     Faith    .   b - +0 robe
rPois    .         Spirit   .   (helmet restricted)
rElec    .         Reflect  .   (no cloak)
rCorr    .         Harm     .   (gloves unavailable)
MR       .....     NoTele   +   (boots unavailable)
Stlth    ++........             (no amulet)
HPRegen  0.68/turn              q - +3 ring of strength
MPRegen  0.11/turn              p - +3 ring of intelligence

@: agile, berserk cooldown, very slightly contaminated, slowed, invisible, very
slow
A: large, unfitting armour, claws 3, fast metabolism 3, gourmand, regeneration
1, shaggy fur 1, tough skin 2
a: Berserk, Trog's Hand, Brothers in Arms, Renounce Religion


You were in the Dungeon.
You worshipped Trog.
Trog was extremely pleased with you.
You were very hungry.

You visited 1 branch You collected 10 gold pieces.

Inventory:

Hand Weapons
 o - a +2 morningstar of protection
 r - a +1 great mace of protection (weapon)
Armour
 b - a +0 robe (worn)
 c - a +0 shield
Jewellery
 p - a +3 ring of intelligence (right claw)
 q - a +3 ring of strength (left claw)
Wands
 n - a wand of iceblast (10)
Scrolls
 k - 4 scrolls of blinking
 l - 2 scrolls of enchant armour
 m - 3 scrolls of remove curse
Potions
 d - 3 potions of agility
 e - 7 potions of curing
 i - 4 potions of magic
Miscellaneous
 j - a phantom mirror
Comestibles
 f - a ration


   Skills:
 + Level 10.7 Fighting
 * Level 15.2 Maces & Flails
 + Level 10.6 Dodging
 - Level 9.0 Shields


You had 9 spell levels left.
You didn't know any spells.
Your spell library was empty.

Dungeon Overview and Level Annotations

Branches:
Dungeon (1/1)

Altars:
Cheibriados
Dithmenos
Elyvilon
Fedhas
Gozag
Hepliaklqana
Kikubaaqudgha
Makhleb
Nemelex Xobeh
Okawaru
Qazlal
Ru
Sif Muna
Trog
Uskayaw
Vehumet
Wu Jian
Xom
Yredelemnul
Zin
The Shining One
Beogh
Jiyva
Lugonu


Innate Abilities, Weirdness & Mutations

You are too large for most types of armour.
You have claws for hands.
Your metabolism is lightning-fast.
You like to eat raw meat.
Your natural rate of healing is unusually fast.
You are covered in fur. (AC +1)
You have very tough skin. (AC +2)


Message History

You barely miss the lindwurm.
The lindwurm is heavily wounded.
The lindwurm misses you. The lindwurm completely misses you.
The lindwurm misses you. The lindwurm breathes flames at you.
The blast of flame hits you!
* * * LOW HITPOINT WARNING * * *
You hit the lindwurm but do no damage.
Your weapon exudes an aura of protection.
The lindwurm is heavily wounded.
The lindwurm completely misses you. x2; The lindwurm claws you.
* * * LOW HITPOINT WARNING * * *
Blink to where?
Press: ? - help, Dir - move target cursor
As you read the scroll of blinking, it crumbles to dust.
The lindwurm breathes flames at something.
There is an open door, spattered with blood here.
The lindwurm breathes flames at something.
The blast of flame hits you!
You die...

▓▓▓▓▓▓▓▓▓▓▓▓▓▓▓▓▓▓▓▓▓▓▓▓▓▓▓▓▓▓▓▓▓
[)|?.'________________________'..
▓▓▓▓▓▓▓▓▓▓▓▓▓▓▓▓▓▓▓▓▓▓▓▓▓▓▓▓▓▓▓▓▓
.................................
▓▓▓▓▓▓▓▓▓▓▓▓▓▓▓▓▓▓▓▓▓▓▓▓▓▓▓▓▓▓▓▓▓
kw.§†))....k...'@÷†.....†'.......
▓▓▓▓▓▓▓▓▓▓▓▓▓▓▓▓▓▓▓▓▓▓▓▓▓▓▓▓▓▓▓▓▓


You could see a lindwurm.

Vanquished Creatures
  2 hydras (D)
  A catoblepas (D)
  3 lindwurms (D)
  An ugly thing (D)
  3 spiny frogs (D)
  A rime drake (D)
  3 blink frogs (D)
  A hippogriff (D)
  A yak (D)
  A wraith (D)
  2 water moccasins (D)
  2 porcupines (D)
  A black bear (D)
  2 sky beasts (D)
  A phantom (D)
  A wolf (D)
  A centaur (D)
  2 crocodiles (D)
  A bullfrog (D)
  A quasit (D)
  A worker ant (D)
  An adder (D)
  An adder zombie (D)
  An orc (D)
  A jackal (D)
  2 quokkas (D)
  3 kobolds (D)
  2 rats (D)
43 creatures vanquished.

Notes
Turn   | Place    | Note
-------+----------+-------------------------------------------
     0 | D        | Lanoc the Troll Fighter began the quest for the Orb.
     0 | D        | Reached XP level 1. HP: 22/22 MP: 0/0
     5 | D        | Reached skill level 2 in Maces & Flails
    31 | D        | Noticed a sky beast
    31 | D        | Noticed a phantom
    40 | D        | Reached skill level 3 in Maces & Flails
    40 | D        | Reached XP level 2. HP: 26/31 MP: 1/1
    64 | D        | HP: 1/31 [phantom (5)]
    70 | D        | Killed a sky beast
    70 | D        | Reached skill level 5 in Maces & Flails
    70 | D        | Reached XP level 3. HP: 39/39 MP: 2/2
    70 | D        | Reached XP level 4. HP: 48/48 MP: 3/3
    81 | D        | Killed a phantom
    81 | D        | Reached skill level 6 in Maces & Flails
    81 | D        | Reached XP level 5. HP: 54/55 MP: 4/4
    93 | D        | Found a roughly hewn altar of Beogh.
    93 | D        | Found a snail-covered altar of Cheibriados.
    93 | D        | Found a shadowy altar of Dithmenos.
    93 | D        | Found a white marble altar of Elyvilon.
    93 | D        | Found a blossoming altar of Fedhas.
    93 | D        | Found an opulent altar of Gozag.
    94 | D        | Found a hazy altar of Hepliaklqana.
    95 | D        | Found a viscous altar of Jiyva.
    96 | D        | Found an ancient bone altar of Kikubaaqudgha.
    97 | D        | Found a corrupted altar of Lugonu.
    98 | D        | Found a burning altar of Makhleb.
    99 | D        | Found a sparkling altar of Nemelex Xobeh.
   100 | D        | Found an iron altar of Okawaru.
   101 | D        | Found a stormy altar of Qazlal.
   102 | D        | Found a sacrificial altar of Ru.
   103 | D        | Found a deep blue altar of Sif Muna.
   104 | D        | Found a bloodstained altar of Trog.
   105 | D        | Found a hide-covered altar of Uskayaw.
   106 | D        | Found a radiant altar of Vehumet.
   107 | D        | Found an ornate altar of the Wu Jian Council.
   108 | D        | Found a shimmering altar of Xom.
   109 | D        | Found a basalt altar of Yredelemnul.
   110 | D        | Found a glowing silver altar of Zin.
   111 | D        | Found a glowing golden altar of the Shining One.
   112 | D        | Became a worshipper of Trog the Wrathful
   150 | D        | Noticed a sky beast
   150 | D        | Noticed a wraith
   150 | D        | Noticed a centaur
   166 | D        | Killed a centaur
   166 | D        | Reached skill level 5 in Fighting
   166 | D        | Reached skill level 7 in Maces & Flails
   166 | D        | Reached skill level 5 in Dodging
   166 | D        | Reached skill level 5 in Shields
   166 | D        | Reached XP level 6. HP: 66/66 MP: 5/5
   169 | D        | Killed a wraith
   169 | D        | Reached * piety under Trog
   169 | D        | Reached skill level 8 in Maces & Flails
   179 | D        | Killed a sky beast
   179 | D        | Reached skill level 9 in Maces & Flails
   179 | D        | Reached XP level 7. HP: 49/75 MP: 6/6
   182 | D        | Reached ** piety under Trog
   223 | D        | Noticed a yak
   223 | D        | Noticed a white ugly thing
   223 | D        | Noticed a catoblepas
   223 | D        | Noticed a four-headed hydra
   256 | D        | HP: 1/75 [four-headed hydra (12)]
   399 | D        | Killed a four-headed hydra
   399 | D        | Reached skill level 10 in Maces & Flails
   399 | D        | Reached XP level 8. HP: 87/87 MP: 7/7
   455 | D        | Killed a catoblepas
   455 | D        | Reached skill level 11 in Maces & Flails
   469 | D        | Killed a white ugly thing
   469 | D        | Reached *** piety under Trog
   469 | D        | Reached skill level 12 in Maces & Flails
   469 | D        | Reached XP level 9. HP: 13/97 MP: 8/8
   691 | D        | Noticed a spiny frog
   701 | D        | Reached **** piety under Trog
   715 | D        | Killed a spiny frog
   732 | D        | Reached ***** piety under Trog
   732 | D        | Reached skill level 13 in Maces & Flails
   766 | D        | Noticed a four-headed hydra
   766 | D        | Noticed a rime drake
   766 | D        | Noticed a spiny frog
   772 | D        | Noticed a spiny frog
   773 | D        | Killed a spiny frog
   773 | D        | Received a gift from Trog
   782 | D        | Killed a four-headed hydra
   782 | D        | Reached XP level 10. HP: 109/109 MP: 9/9
   786 | D        | Reached skill level 14 in Maces & Flails
   796 | D        | Killed a spiny frog
   796 | D        | Reached skill level 10 in Fighting
   796 | D        | Reached skill level 10 in Dodging
   873 | D        | Noticed a lindwurm
   873 | D        | Noticed a lindwurm
   873 | D        | Noticed a lindwurm
   873 | D        | Noticed a lindwurm
   873 | D        | Noticed a lindwurm
   874 | D        | Noticed a lindwurm
   880 | D        | Killed a lindwurm
   880 | D        | Received a gift from Trog
   882 | D        | Killed a lindwurm
   882 | D        | Reached skill level 15 in Maces & Flails
   883 | D        | Noticed a lindwurm
   890 | D        | Killed a lindwurm
   905 | D        | Killed from afar by a lindwurm

Vault maps used:
D:        linesprint

Skill      XL: |  1  2  3  4  5  6  7  8  9 10 |
---------------+-------------------------------+-----
Maces & Flails | 3 5 6 7 9 10 12 13 15 | 15.2
Fighting       | 3 4 5 6 7 8 9 10 | 10.7
Dodging        | 3 4 5 6 7 8 9 10 | 10.6
Shields        | 3 4 5 6 7 8 9 |  9.0

Action                   |  1- 3 |  4- 6 |  7- 9 | 10-12 || total
-------------------------+-------+-------+-------+-------++-------
Melee: Flail             |    54 |     7 |       |       ||    61
       Morningstar       |       |    26 |    86 |    29 ||   141
       Great mace        |       |       |       |    17 ||    17
Invok: Berserk           |       |       |     6 |     1 ||     7
  Use: Potion            |     2 |     1 |     3 |     4 ||    10
       Scroll            |       |       |     1 |     1 ||     2
  Eat: Chunk             |       |       |     7 |     1 ||     8
       Ration            |       |       |     1 |       ||     1
Armor: Robe              |    22 |    12 |    26 |    11 ||    71
Dodge: Dodged            |    16 |     8 |    43 |    44 ||   111
Block: Shield            |    19 |     7 |    74 |    14 ||   114

Table legend:
 A = Non-vault XP
 B = Vault XP
 C = Vault XP percentage of total XP
 D = Non-vault monster count
 E = Vault monster count
 F = Vault count percentage of total count
                 A         B        C        D         E       F
            +---------+---------+-------+---------+---------+-------
      Total |       0 |    9997 | 100.0 |       0 |      43 | 100.0
            +---------+---------+-------+---------+---------+-------
          D |       0 |    9997 | 100.0 |       0 |      43 | 100.0
            +---------+---------+-------+---------+---------+-------
